 Dungeon Crawl Stone Soup version 0.30-a0-924-g0ad0bf95bc (webtiles) character file.

Game seed: 3925069875462524605

7 IdlyInterested the Cudgeller (level 1, 0/16 HPs)
             Began as a Demonspawn Gladiator on Mar 22, 2023.
             Slain by a gnoll
             ... wielding a +0 club
              (1 damage)
             ... on level 2 of the Dungeon.
             The game lasted 00:02:06 (764 turns).

IdlyInterested the Cudgeller (Demonspawn Gladiator)  Turns: 764, Time: 00:02:07

Health: 0/16       AC:  7    Str: 14    XL:     1   Next: 83%
Magic:  1/1        EV: 10    Int:  9    God:
Gold:   45         SH:  0    Dex: 14    Spells: 0/0 levels left

rFire   . . .      SeeInvis .    a - +0 flail
rCold   . . .      Faith    .    (no shield)
rNeg    . . .      Spirit   .    i - +0 scale mail
rPois   .          Reflect  .    c - +0 helmet
rElec   .          Rampage  .    (no cloak)
rCorr   .                        (no gloves)
Will    .....                    (no boots) Stlth
                                 (no amulet)
HPRegen 0.22/turn                (no ring)
MPRegen 0.07/turn                (no ring)

@: no status effects
A: no striking features
a: no special abilities


You were on level 2 of the Dungeon.
You visited 1 branch of the dungeon, and saw 2 of its levels.

You collected 45 gold pieces.

Inventory:

Hand Weapons
 a - a +0 flail (weapon)
Missiles
 d - 2 throwing nets (quivered)
Armour
 c - a +0 helmet (worn)
 i - a +0 scale mail (worn)
Scrolls
 b - a scroll of enchant armour {unknown}
 f - a scroll of identify {unknown}
Potions
 g - a potion of curing {unknown}
 h - a potion of attraction {unknown}


   Skills:
 + Level 2.1 Fighting
 * Level 2.9 Maces & Flails
 - Level 1.7 Throwing
 * Level 0.6 Armour
 - Level 2.6 Dodging


You couldn't memorise any spells.
You didn't know any spells.
Your spell library was empty.

Dungeon Overview and Level Annotations

Branches:
Dungeon (2/15)

Altars:


Message History

The goblin attacks as you move away! The goblin hits you but does no damage.
The endoplasm hits you but does no damage.
The goblin attacks as you move away! The goblin hits you but does no damage.
The endoplasm attacks as you move away!
The endoplasm hits you but does no damage.
The goblin attacks as you move away! The goblin hits you with a +0 club.
You see here a scroll labelled NATTIA LUORCHO.
The goblin attacks as you move away! The goblin hits you but does no damage.
You closely miss the goblin.
The goblin is moderately wounded.
The goblin closely misses you.
You sock the goblin!
You kill the goblin!
You barely miss the gnoll. The gnoll hits you with a +0 club.
The endoplasm jiggles.
The gnoll hits you with a +0 club.
You hit the gnoll.
The gnoll is heavily wounded.
The gnoll hits you but does no damage.
You hit the gnoll.
The gnoll is severely wounded.
The gnoll closely misses you.
You closely miss the gnoll.
The gnoll is severely wounded.
The gnoll hits you with a +0 club.
* * * LOW HITPOINT WARNING * * *
You hit the gnoll.
The gnoll is severely wounded.
The gnoll hits you with a +0 club.
* * * LOW HITPOINT WARNING * * *
The gnoll hits you but does no damage.
Throw: javelin
Press: ? - help, Shift-Dir - straight line, f - gnoll
Aim: a gnoll, wielding a +0 club (severely wounded, 63% to hit)
You throw a javelin. The javelin closely misses the gnoll.
The javelin pierces through the endoplasm.
You kill the endoplasm!
The javelin closely misses the goblin.
The gnoll hits you with a +0 club.
You die...

....#.....>....#
#..............#
#.........#
#...###.....# .
#...[.# #...g.#
#.....#
#.....##########
####(glg@......#
###########.#


You could see a gnoll, a goblin and a frilled lizard.

Vanquished Creatures
  An endoplasm (D:2)
  3 goblins
  A hobgoblin (D:1)
  A ball python (D:1)
  2 rats (D:1)
8 creatures vanquished.

Notes
Turn   | Place    | Note
-------+----------+-------------------------------------------
     0 | D:1      | IdlyInterested the Demonspawn Gladiator began the quest for
                  | the Orb.
     0 | D:1      | Reached XP level 1. HP: 16/16 MP: 1/1
   385 | D:1      | Found a faded altar of an unknown god.
   764 | D:2      | Slain by a gnoll

Illustrated notes

Levels and vault maps discovered:
D:1:      shiori_arrival_elements, layout_loops_ring,
          shapermc_ecumenical_altar_ellora
D:2:      layout_basic, serial_shops, nicolae_shop_trees,
          minmay_fractal_squares_5

Action                     || total
---------------------------++-------
  Melee: Flail             ||    26
  Throw: Javelin           ||     1
         Throwing net      ||     1
 Armour: Scale mail        ||     9
         Ring mail         ||     7
  Dodge: Dodged            ||    15

Table legend: (Time is in decaauts)
 A = Elapsed time spent in this place.
 B = Non-inter-level travel time spent in this place.
 C = Inter-level travel time spent in this place.
 D = Time resting spent in this place.
 E = Time spent auto-exploring this place.
 F = Levels seen in this place.
 G = Mean time per level.
                   A        B        C        D        E       F      G
               +--------+--------+--------+--------+--------+-----+--------+
         Total |    770 |    611 |    159 |      0 |    439 |   2 |  385.0 |
       Dungeon |    770 |    611 |    159 |      0 |    439 |   2 |  385.0 |
               +--------+--------+--------+--------+--------+-----+--------+

Top non-repeatable levels by time:
     D:1: 728 daAuts
     D:2: 42 daAuts
